 Dungeon Crawl Stone Soup version 0.31-a0-175-g9f7f995f2b (webtiles) character file.

Game seed: 13818894546069320765

82 qw the Shooter (level 4, -2/40 HPs)
             Began as a Naga Hunter on June 17, 2023.
             Slain by an orc
             ... wielding a +0 mace
              (4 damage)
             ... on level 2 of the Dungeon.
             The game lasted 00:00:19 (906 turns).

qw the Shooter (Naga Hunter)                         Turns: 906, Time: 00:00:20

Health: -2/40      AC:  3    Str: 13    XL:     4   Next: 43%
Magic:  4/4        EV:  9    Int:  9    God:
Gold:   83         SH:  0    Dex: 17    Spells: 3/3 levels left

rFire   . . .        Y - +0 shortbow
rCold   . . .        (shield currently unavailable)
rNeg    . . .        c - +0 leather armour
rPois   +            (no helmet)
rElec   .            (no cloak)
rCorr   .            i - +0 pair of gloves
SInv    +            (no barding)
Will    .....        (no amulet)
Stlth   ++           (no ring)
HPRegen 0.26/turn    (no ring)
MPRegen 0.09/turn

%: no passive effects
@: short of breath, very slow
A: AC +1, large, see invisible, deformed body, poison resistance, slowness 2,
spit poison 1, naga tail 1
a: Spit Poison


You were on level 2 of the Dungeon.
You visited 1 branch of the dungeon, and saw 2 of its levels.

You collected 83 gold pieces.


Innate Abilities, Weirdness & Mutations

Your serpentine skin is tough. (AC +1)
You have supernaturally acute eyesight. (SInv)
Armour fits poorly on your strangely shaped body.
Your system is resistant to poisons. (rPois)
You cover ground very slowly.
You can spit poison.
You have a snake-like lower body.


   Skills:
 + Level 2.6 Fighting
 - Level 5.0 Ranged Weapons
 - Level 1.5 Dodging
 - Level 1.5 Stealth


You had 3 spell levels left.
You didn't know any spells.
Your spell library was empty.

Inventory:

Hand Weapons
 Y - a +0 shortbow (weapon)
Armour
 c - a +0 leather armour (worn)
 i - a +0 pair of gloves (worn)
Potions
 a - a potion of magic {unknown}
 e - a potion of resistance {unknown}
 j - a potion of might {unknown}

Dungeon Overview and Level Annotations

Branches:
Dungeon (2/15)

Altars:


Message History

You kill the orc wizard!
You shoot an arrow.
The arrow hits the orc but does no damage.
You have got your breath back.
The orc hits you with a +0 flail.
897 ||| INVOKING Spit Poison.
Aiming: Spit Poison (1% risk of failure)
Press: ? - help, Shift-Dir - straight line, f/p - orc The splash of poison misses the orc.
The orc barely misses you. The orc hits you with a +0 mace.
You shoot an arrow.
The arrow hits the orc but does no damage.
The orc hits you with a +0 flail. The orc hits you with a +0 mace.
You shoot an arrow. The arrow barely misses the orc.
The orc barely misses you. The orc hits you with a +0 flail.
You shoot an arrow.
The arrow hits the orc but does no damage.
The orc barely misses you. x2
You shoot an arrow. The arrow hits the orc.
The orc is heavily wounded.
The orc hits you with a +0 flail. The orc hits you with a +0 mace.
The orc hits you with a +0 flail! The orc hits you with a +0 mace.
You shoot an arrow. The arrow barely misses the orc.
You have got your breath back.
The orc hits you but does no damage. The orc hits you with a +0 flail.
903 ||| INVOKING Spit Poison.
Aiming: Spit Poison (1% risk of failure)
Press: ? - help, Shift-Dir - straight line, f/p - orc The splash of poison misses the orc.
The orc hits you with a +0 flail. The orc barely misses you.
You shoot an arrow. The arrow hits the orc.
The orc is severely wounded.
The orc hits you with a +0 flail. The orc barely misses you.
You shoot an arrow. The arrow barely misses the orc.
The orc closely misses you. The orc barely misses you.
You shoot an arrow.
The arrow hits the orc but does no damage.
The orc is severely wounded.
The orc hits you with a +0 mace.
You die...

#.#.....#####.. ..
...>..........# .#
#.############# .. # .##.
... # #.# .# # ##o# .# #
#o@# .# ## #.###.# ##.
##.##.. #.. ##..##.#
####.# ######..###.##
###....#
.............######...####
....##.###....#<....###
### ... #.......######
#### #...##.........


You could see 2 orcs.

Vanquished Creatures
  Jessica (D:2)
  An orc wizard (D:2)
  6 endoplasms
  2 giant cockroaches (D:1)
  2 goblins (D:1)
  2 hobgoblins (D:1)
  2 quokkas (D:1)
  4 ball pythons (D:1)
  3 bats (D:1)
  2 frilled lizards (D:1)
  4 kobolds (D:1)
29 creatures vanquished.

Notes
Turn   | Place    | Note
-------+----------+-------------------------------------------
     0 | D:1      | qw the Naga Hunter began the quest for the Orb.
     0 | D:1      | Reached XP level 1. HP: 19/19 MP: 1/1
     0 | D:1      | 0 ||| qw: Version: 0.3-a-3-g30531e4
     0 | D:1      | 0 ||| qw: Game counter: 407
     0 | D:1      | 0 ||| qw: Always use a shield: true
     0 | D:1      | 0 ||| qw: God list: Okawaru
     0 | D:1      | 0 ||| qw: Allow faded altars: false
     0 | D:1      | 0 ||| qw: Do Orc after D:15 true
     0 | D:1      | 0 ||| qw: Do second Lair branch before Depths: true
     0 | D:1      | 0 ||| qw: Lair rune preference: random
     0 | D:1      | 0 ||| qw: Plans: Normal
     0 | D:1      | 0 ||| PLANNING D:1-11
    56 | D:1      | 56 ||| INVOKING Spit Poison.
   137 | D:1      | Reached skill level 4 in Ranged Weapons
   137 | D:1      | Reached XP level 2. HP: 25/26 MP: 2/2
   138 | D:1      | 138 ||| INVOKING Spit Poison.
   181 | D:1      | 181 ||| INVOKING Spit Poison.
   185 | D:1      | 185 ||| INVOKING Spit Poison.
   188 | D:1      | 188 ||| INVOKING Spit Poison.
   262 | D:1      | 262 ||| INVOKING Spit Poison.
   285 | D:1      | 285 ||| INVOKING Spit Poison.
   290 | D:1      | 290 ||| INVOKING Spit Poison.
   311 | D:1      | 311 ||| INVOKING Spit Poison.
   330 | D:1      | 330 ||| INVOKING Spit Poison.
   333 | D:1      | Reached XP level 3. HP: 32/32 MP: 3/3
   342 | D:1      | 342 ||| INVOKING Spit Poison.
   355 | D:1      | 355 ||| INVOKING Spit Poison.
   414 | D:1      | 414 ||| INVOKING Spit Poison.
   558 | D:1      | 558 ||| INVOKING Spit Poison.
   659 | D:1      | 659 ||| UPGRADING to +0 pair of gloves.
   664 | D:1      | 664 ||| READING scroll labelled KIUSEE OLIAW.
   665 | D:1      | 665 ||| READING scroll labelled SIMMIZ VEMOSSO.
   666 | D:1      | 666 ||| READING scroll labelled ZUESMO QORUX.
   723 | D:1      | 723 ||| READING scroll labelled DAN QIBOALU.
   724 | D:1      | 724 ||| DROPPING scroll of butterflies.
   775 | D:2      | Noticed Jessica
   776 | D:2      | Killed Jessica
   777 | D:2      | Reached skill level 5 in Ranged Weapons
   777 | D:2      | Reached XP level 4. HP: 39/39 MP: 4/4
   892 | D:2      | 892 ||| INVOKING Spit Poison.
   897 | D:2      | 897 ||| INVOKING Spit Poison.
   901 | D:2      | HP: 10/40 [orc/+0 flail (8)]
   903 | D:2      | 903 ||| INVOKING Spit Poison.
   904 | D:2      | HP: 2/40 [orc/+0 flail (4)]
   906 | D:2      | Slain by an orc

Levels and vault maps discovered:
D:1:      onia_arrival_pyramid, layout_loops_ring, chequers_garden,
          minmay_cut_off
D:2:      layout_rooms, uniq_jessica

Skill      XL: |  1  2  3 |
---------------+----------+-----
Ranged Weapons | 4 5 |  5.0
Fighting       | |  2.6
Dodging        | |  1.5
Stealth        | |  1.5

Action                     |  1- 3 |  4- 6 || total
---------------------------+-------+-------++-------
   Fire: Shortbow          |    37 |    12 ||    49
Ability: Spit Poison       |    14 |     3 ||    17
    Use: Scroll            |     4 |       ||     4
 Armour: Leather armour    |     3 |     1 ||     4
  Dodge: Dodged            |     8 |    10 ||    18

Table legend:
 A = Non-vault XP
 B = Vault XP
 C = Vault XP percentage of total XP
 D = Non-vault monster count
 E = Vault monster count
 F = Vault count percentage of total count
                 A         B        C        D         E       F
            +---------+---------+-------+---------+---------+-------
      Total |      76 |      42 |  35.6 |      25 |       4 |  13.8
            +---------+---------+-------+---------+---------+-------
        D:1 |      39 |       5 |  11.4 |      23 |       3 |  11.5
        D:2 |      37 |      37 |  50.0 |       2 |       1 |  33.3
            +---------+---------+-------+---------+---------+-------
